 Seeded DCSS version 0.30-a0-719-gcc4359ea44 (webtiles) character file.

Game seed: 905864180322077160 (custom seed)

1387 hikkokomori the Cudgeller (level 8, 0/44 HPs)
             Began as a Vine Stalker Fighter on Jan 27, 2023.
             Slain by a hornet (11 damage)
             ... on level 6 of the Dungeon.
             The game lasted 00:07:15 (4296 turns).

hikkokomori the Cudgeller (Vine Stalker Fighter)    Turns: 4296, Time: 00:07:16

Health: 0/44       AC:  9    Str: 21    XL:     8   Next: 67%
Magic:  0/9        EV:  9    Int: 11    God:
Gold:   371        SH:  7    Dex: 14    Spells: 7/7 levels left

rFire   . . .      SeeInvis .    x - +1 flail (drain)
rCold   . . .      Faith    .    B - +2 buckler
rNeg    . . .      Spirit   +    b - +0 scale mail
rPois   .          Reflect  .    o - +2 helmet {Int+3}
rElec   .          Harm     .    (no cloak)
rCorr   .          Rampage  .    (no gloves)
Will    ++...                    (no boots) Stlth
                                 c - amulet of the acrobat
HPRegen 1.07/turn                C - ring of willpower
MPRegen 0.11/turn                (no ring)

@: about to teleport, slowed, very slow
A: fangs 3, regeneration 1, magic shield, antimagic bite, no potion heal 2
a: no special abilities


You were on level 6 of the Dungeon.
You visited 1 branch of the dungeon, and saw 6 of its levels.
You also visited: Sewer and Ossuary.

You collected 371 gold pieces.

Inventory:

Hand Weapons
 a - a +0 flail
 x - a +1 flail of draining (weapon)
Armour
 b - a +0 scale mail (worn)
 i - a +0 hat
 o - a +2 helmet of intelligence (worn)
 B - a +2 buckler (worn)
Jewellery
 c - an amulet of the acrobat (around neck)
 C - a ring of willpower (left hand)
Wands
 r - a wand of iceblast (3)
Scrolls
 f - 2 scrolls of vulnerability {unknown}
 g - 6 scrolls of teleportation
 j - a scroll of fear {unknown}
 k - 2 scrolls of identify {unknown}
 l - 2 scrolls of noise {unknown}
 n - a scroll of amnesia {unknown}
 s - 2 scrolls of silence {unknown}
 u - 2 scrolls of enchant armour {unknown}
 w - a scroll of brand weapon {unknown}
 y - a scroll of enchant weapon {unknown}
 z - 2 scrolls of blinking {unknown}
Potions
 d - 3 potions of might
 e - 4 potions of curing
 h - a potion of flight {unknown}
 m - a potion of magic {unknown}
 q - 3 potions of haste
 t - a potion of attraction {unknown}
 v - a potion of berserk rage {unknown}
 A - 2 potions of resistance {unknown}


   Skills:
 + Level 5.4 Fighting
 * Level 6.9 Maces & Flails
 - Level 2.4 Armour
 + Level 5.4 Shields


You had 7 spell levels left.
You didn't know any spells.
Your spell library contained the following spells:

 Spells                   Type           Power      Damage    Failure   Level
 Magic Dart               Conj           0%         1d3       77%         1
 Cigotuvi's Dreadful Rot  Necr/Pois/Air  0%         N/A       88%         2
 Searing Ray              Conj           0%         2d4       88%         2
 Dispel Undead            Necr           0%         3d6       100%        4
 Fulminant Prism          Conj/Hex       0%         3d5       100%        4
 Death Channel            Necr           0%         N/A       100%        6


Dungeon Overview and Level Annotations

Branches:
Dungeon (6/15)              Sewer (visited)         Ossuary (visited)
 Temple: D:4-7

Altars:
Kikubaaqudgha
Wu Jian
Zin

Shops:
D:1 *

Annotations:
D:2 1 runed translucent door, Crazy Yiuf
D:4 3 runed translucent doors, Strat's ghost, amateur TeRe


Innate Abilities, Weirdness & Mutations

You have razor-sharp teeth.
Your natural rate of healing is unusually fast.
When hurt, damage is shared between your health and your magic reserves.
Your bite disrupts and absorbs the magic of your enemies.
Potions cannot restore your health.


Message History

You kill the water moccasin!
You feel yourself speed up.
There is a stone staircase leading up here.
You climb upwards.
There is a stone staircase leading down here.
You start resting.
HP restored.
You climb downwards.
There is a stone staircase leading up here.
You feel a little less mighty now.
Magic restored.
A hornet is nearby!
Okay, then.
The hornet buzzes angrily.
The hornet stings you.
You are poisoned.
You feel yourself slow down.
You sock the hornet!
The hornet is moderately wounded.
You feel yourself speed up.
You feel very sick. The hornet closely misses you. The hornet stings you!
You are more poisoned.
You suddenly lose the ability to move!
You feel very sick.
The hornet stings you but does no damage. x2
You feel very sick. The hornet barely misses you.
You can move again.
As you read the scroll of teleportation, it crumbles to dust.
You feel strangely unstable.
You feel very sick. The hornet stings you!
You are more poisoned.
You feel yourself slow down. The hornet stings you.
* * * LOW HITPOINT WARNING * * *
You feel as though you will be slow longer.
It was a potion of curing.
Your system rejects the healing.
You feel better. The hornet stings you!
You die...

#..............####
#.............## #
#............## ##
#...........## ##.
##.........## ##..
#.......### ##...
##.....## ##....
##yW#### #.....
#@### ##.... ##.#
#.... #.## ##...
#..# ###. ##.## #.
#..# ## ##.## ####
# ##.#####..#####
#.##..........


You could see a hornet and a phantom.

Vanquished Creatures
  A water moccasin (D:6)
  Pargi (Sewer)
  A sky beast (D:6)
  2 centaurs
  A phantom (D:4)
  A gnoll sergeant (D:5)
  Blork the orc (D:4)
  2 elf zombies (Ossuary)
  A scorpion (D:5)
  A centaur zombie (Ossuary)
  A human zombie (Ossuary)
  A jelly (D:5)
  Natasha (D:4)
  4 iguanas
  3 orc wizards
  A hound zombie (Ossuary)
  3 mummies (Ossuary)
  5 adders
  3 gnolls (D:5)
  2 ufetubi
  2 adder zombies (Ossuary)
  2 worms
  2 dart slugs
  11 orcs
  5 ball pythons
  4 endoplasms (D:1)
  5 giant cockroaches
  3 gnoll zombies (Ossuary)
  6 goblins
  4 hobgoblins
  4 kobolds
  3 quokkas (D:1)
  10 bats
  4 frilled lizards
  4 goblin zombies (Ossuary)
  4 hobgoblin zombies (Ossuary)
  4 jackal zombies (Ossuary)
  2 kobold zombies (Ossuary)
  2 orc zombies (Ossuary)
  4 quokka zombies (Ossuary)
  2 rats
  3 rat zombies (Ossuary)
126 creatures vanquished.

Vanquished Creatures (others)
  An orc wizard (D:3)
1 creature vanquished.

Grand Total: 127 creatures vanquished

Notes
Turn   | Place    | Note
-------+----------+-------------------------------------------
     0 | D:1      | hikkokomori the Vine Stalker Fighter began the quest for
                  | the Orb.
     0 | D:1      | Reached XP level 1. HP: 11/11 MP: 2/2
    18 | D:1      | Found Heeq's Assorted Antiques.
    41 | D:1      | Reached skill level 2 in Maces & Flails
   105 | D:1      | Reached XP level 2. HP: 15/16 MP: 1/3
   583 | D:1      | You fall into a shaft and drop 1 floor!
   697 | D:1      | Reached XP level 3. HP: 10/20 MP: 1/4
  1342 | D:2      | Found a runed translucent door.
  1343 | D:2      | Noticed Crazy Yiuf
  1707 | D:3      | Reached skill level 3 in Maces & Flails
  1707 | D:3      | Gained mutation: Your natural rate of healing is unusually
                  | fast. [Vine Stalker growth]
  1707 | D:3      | Reached XP level 4. HP: 15/24 MP: 5/5
  1732 | D:3      | Found a glowing drain.
  1732 | D:3      | Noticed a centaur
  1741 | D:3      | Killed a centaur
  1742 | D:3      | Reached XP level 5. HP: 19/28 MP: 4/6
  1791 | Sewer    | Entered a sewer
  1833 | Sewer    | Noticed Pargi
  1845 | Sewer    | Killed Pargi
  1846 | Sewer    | Reached skill level 4 in Maces & Flails
  1846 | Sewer    | Reached XP level 6. HP: 21/33 MP: 5/7
  2237 | D:3      | Found a faded altar of an unknown god.
  2435 | D:4      | Noticed Natasha
  2446 | D:4      | Killed Natasha
  2619 | D:4      | Noticed Blork the orc
  2623 | D:4      | Found a runed translucent gate.
  2623 | D:4      | Noticed Strat's ghost (amateur TeRe)
  2629 | D:4      | Killed Blork the orc
  2630 | D:4      | Reached XP level 7. HP: 11/35 MP: 2/8
  2630 | D:4      | Found a runed translucent gate.
  2635 | D:4      | Identified the +8 chain mail of Entitlement {rF++ rC-
                  | Str+3}
  2683 | D:4      | Found a runed translucent gate.
  2917 | D:4      | Reached skill level 5 in Maces & Flails
  3101 | D:5      | Entered Level 5 of the Dungeon
  3436 | D:5      | Gained mutation: You have razor-sharp teeth. [Vine Stalker
                  | growth]
  3436 | D:5      | Reached XP level 8. HP: 38/42 MP: 9/9
  3553 | D:5      | Reached skill level 6 in Maces & Flails
  3558 | D:5      | Found an ancient bone altar of Kikubaaqudgha.
  3616 | D:5      | Found an ornate altar of the Wu Jian Council.
  3616 | D:5      | Found a glowing silver altar of Zin.
  3726 | D:6      | Found a sand-covered staircase.
  3731 | Ossuary  | Entered an ossuary
  3755 | Ossuary  | Reached skill level 5 in Fighting
  3782 | Ossuary  | Reached skill level 5 in Shields
  4170 | D:6      | Noticed a hornet
  4292 | D:6      | Paralysed by a hornet for 3 turns
  4296 | D:6      | Slain by a hornet

Illustrated notes

Levels and vault maps discovered:
D:1:      dpeg_arrival_renting, layout_loops_ring, serial_shops, shop,
          nicolae_figureground_sparkle
D:2:      layout_loops_ring, grunt_ministairs_14, kennysheep_generic_room_4,
          uniq_crazy_yiuf_cottage
D:3:      layout_rooms, gup_sewer_entry_glass, shapermc_ecumenical_altar_ellora,
          nicolae_titane
D:4:      layout_basic, biasface_ghost_orc_armoury, uniq_natasha,
          uniq_blork_the_orc
D:5:      layout_basic, marbit_many_paths, gammafunk_temple_overflow_statue
D:6:      layout_cave_pods, tgw_xom, enter_ossuary_2, grunt_decor_mini_mirrors

Skill      XL: |  1  2  3  4  5  6  7  8 |
---------------+-------------------------+-----
Maces & Flails | 2 3 4 5 6 |  6.9
Shields        | 3 4 5 |  5.4
Fighting       | 3 4 5 |  5.4
Armour         | |  2.4

Action                     |  1- 3 |  4- 6 |  7- 9 || total
---------------------------+-------+-------+-------++-------
  Melee: Flail             |    67 |   140 |   183 ||   390
         Bite              |    12 |    34 |    54 ||   100
  Evoke: Wand              |       |       |     2 ||     2
    Use: Scroll            |       |     1 |     4 ||     5
         Potion            |       |       |     2 ||     2
 Armour: Scale mail        |    20 |    82 |    70 ||   172
  Dodge: Dodged            |    28 |   101 |    71 ||   200
  Block: Buckler           |    14 |    63 |    67 ||   144

Table legend: (Time is in decaauts)
 A = Elapsed time spent in this place.
 B = Non-inter-level travel time spent in this place.
 C = Inter-level travel time spent in this place.
 D = Time resting spent in this place.
 E = Time spent auto-exploring this place.
 F = Levels seen in this place.
 G = Mean time per level.
                   A        B        C        D        E       F      G
               +--------+--------+--------+--------+--------+-----+--------+
         Total |   4386 |   4271 |    115 |     76 |   3202 |   8 |  548.2 |
       Dungeon |   3962 |   3847 |    115 |     76 |   3022 |   6 |  660.3 |
         Sewer |    103 |    103 |      0 |      0 |     27 |   1 |  103.0 |
       Ossuary |    320 |    320 |      0 |      0 |    153 |   1 |  320.0 |
               +--------+--------+--------+--------+--------+-----+--------+

Top non-repeatable levels by time:
     D:1: 977 daAuts
     D:2: 746 daAuts
     D:4: 727 daAuts
     D:3: 609 daAuts
     D:5: 563 daAuts
     D:6: 338 daAuts
 Ossuary: 320 daAuts
   Sewer: 103 daAuts
